 Dungeon Crawl Stone Soup version 0.31.0-9-g3a7656b989 (webtiles) character file.

Game seed: 17005533506528094183

35828 ExZ the Geomancer (level 13, -1/76 HPs)
             Began as a Gargoyle Earth Elementalist on Jan 27, 2024.
             Was a High Priest of Sif Muna.
             Slain by a blink frog (8 damage)
             ... on level 5 of the Lair of Beasts.
             The game lasted 00:54:31 (21545 turns).

ExZ the Geomancer (Gargoyle Earth Elementalist)    Turns: 21545, Time: 00:54:32

Health: -1/76      AC: 17    Str: 13    XL:     13   Next: 86%
Magic:  8/28       EV: 13    Int: 23    God:    Sif Muna [*****.]
Gold:   588        SH:  0    Dex: 12    Spells: 18/34 levels left

rFire   x . .        g - +0 short sword (heavy)
rCold   x . .        (no shield)
rNeg    + + +        r - +1 robe of Divine Intervention {Fly rF- rN+ Int+5}
rPois   ∞            (no helmet)
rElec   +            (no cloak)
rCorr   .            m - +0 pair of gloves
SInv    .            C - +1 pair of boots "Nielunn" {rN++}
Will    +++..        G - amulet of regeneration
Stlth   +            p - ring "Oppoul" {+Blink rPois rC- Will+++ Stlth-}
HPRegen 1.12/turn    (no ring)
MPRegen 0.21/turn

%: no passive effects
@: about to teleport, on blink cooldown, flying
A: sickness immunity, AC +9, negative energy resistance 1, electricity
resistance, torment resistance 1, petrification resistance
a: Renounce Religion, Evoke Blink, Channel Magic, Forget Spell, Divine Exegesis


You were on level 5 of the Lair of Beasts.
You worshipped Sif Muna.
Sif Muna was extremely pleased with you.
You visited 2 branches of the dungeon, and saw 14 of its levels.

You collected 954 gold pieces.
You spent 366 gold pieces at shops.

Inventory:

Hand Weapons
 g - a +0 heavy short sword (weapon)
Armour
 m - a +0 pair of gloves (worn)
 r - the +1 robe of Divine Intervention (worn) {Fly rF- rN+ Int+5}
   (You bought it in a shop on level 3 of the Dungeon)

   Int+5:     It affects your intelligence (+5).
   rF-:       It makes you vulnerable to fire.
   rN+:       It protects you from negative energy.
   Fly:       It grants you flight.
 C - the +1 pair of boots "Nielunn" (worn) {rN++}
   (You bought it in a shop on level 3 of the Dungeon)

   rN++:      It greatly protects you from negative energy.
Jewellery
 p - the ring "Oppoul" (left hand) {+Blink rPois rC- Will+++ Stlth-}
   (You found it on level 9 of the Dungeon)

   [ring of poison resistance]

   rC-:       It makes you vulnerable to cold.
   rPois:     It protects you from poison Will+++: It greatly increases your
   willpower.
   +Blink:    It lets you blink.
   Stlth-:    It makes you less stealthy.
 G - an amulet of regeneration (around neck)
Wands
 d - a wand of flame (30)
 v - a wand of paralysis (3)
 x - a wand of mindburst (5)
 y - a wand of polymorph (5)
 F - a wand of acid (3)
 K - a wand of digging (1)
Scrolls
 c - a scroll of teleportation
 f - 6 scrolls of revelation
 i - 2 scrolls of poison
 k - a scroll of vulnerability
 l - 2 scrolls of enchant weapon
 t - a scroll of silence
 w - a scroll of torment {unknown}
 A - 3 scrolls of enchant armour {unknown}
 B - 2 scrolls of butterflies {unknown}
 E - 2 scrolls of noise {unknown}
 H - 2 scrolls of fog {unknown}
 L - a scroll of brand weapon
Potions
 a - a potion of attraction {unknown}
 b - a potion of magic
 e - 2 potions of berserk rage
 h - 3 potions of might
 j - 4 potions of resistance
 q - 2 potions of brilliance {unknown}
 s - 2 potions of invisibility
 u - 2 potions of curing
 I - a potion of lignification {unknown}
 J - a potion of haste {unknown}
Miscellaneous
 o - a sack of spiders (inert)
 D - a phial of floods (inert)


   Skills:
 - Level 7.0 Fighting
 - Level 8.1 Armour
 - Level 5.0 Dodging
 - Level 2.1 Stealth
 + Level 11.3 Spellcasting
 - Level 9.0 Conjurations
 + Level 7.7 Fire Magic
 - Level 11.5 Earth Magic
 - Level 5.0 Invocations
 - Level 7.0 Evocations


You had 18 spell levels left.
You knew the following spells:

 Your Spells              Type           Power      Damage    Failure   Level
a - Sandblast             Erth           100%       2d20      1%          1
b - Stone Arrow           Conj/Erth      100%       3d13      1%          3
c - Brom's Barrelling Bo  Conj/Erth      57%        2d7       1%          4
d - Passwall              Erth           60%        N/A       1%          3
e - Fireball              Conj/Fire      25%        3d11      4%          5

Your spell library contained the following spells:

 Spells                   Type           Power      Damage    Failure   Level
 Flame Wave               Conj/Fire      51%        2d13      1%          4
 Hailstorm                Conj/Ice       33%        3d8       2%          3
 Mephitic Cloud           Conj/Alch/Air  26%        N/A       4%          3
 Petrify                  Alch/Erth      39%        N/A       4%          4
 Jinxbite                 Hex            24%        N/A       8%          2
 Mercury Vapours          Alch/Air       24%        N/A       8%          2
 Fulminant Prism          Conj/Alch      16%        3d10      8%          4
 Ignite Poison            Fire/Alch      30%        N/A       10%         4
 Summon Ice Beast         Ice/Summ       12%        N/A       16%         3
 Arcjolt                  Conj/Air       16%        1d26      22%         5
 Freezing Cloud           Conj/Ice/Air   13%        6-21      38%         5
 Cause Fear               Hex            6%         N/A       45%         4
 Vhi's Electric Charge    Tloc/Air       24%        N/A       45%         4
 Yara's Violent Unravell  Hex/Alch       6%         3d5       80%         5
 Sculpt Simulacrum        Ice/Alch       6%         N/A       100%        6
 Summon Cactus Giant      Summ           6%         N/A       100%        6
 Enfeeble                 Hex            6%         N/A       100%        7
 Spellforged Servitor     Conj/Summ      16%        N/A       100%        7
 Maxwell's Capacitive Co  Air            6%         ∞         100%        8
 Dragon's Call            Summ           6%         N/A       100%        9
 Fire Storm               Conj/Fire      25%        8d7       100%        9
 Cigotuvi's Dreadful Rot  Necr/Alch/Air  Unusable   N/A       N/A         2

Dungeon Overview and Level Annotations

Branches:
Dungeon (9/15)             Temple (0/1) D:4            Lair (5/5) D:8
 Shoals (0/4) Lair:2       Spider (0/4) Lair:3        Slime (0/5) Lair:4
    Orc: D:9-12

Altars:
Cheibriados
Elyvilon
Fedhas
Gozag
Hepliaklqana
Makhleb
Nemelex Xobeh
Qazlal
Ru
Sif Muna
Wu Jian
The Shining One

Shops:
D:3 *([   D:9 (

Portals:
Abyss: D:4

Annotations:
D:4 2 transporters, Leissi's ghost, amateur HOMo
D:9 Harold
Lair:1 3 runed translucent doors, exclusion: oklob plant, paavali's ghost, journeyman DEEE


Innate Abilities, Weirdness & Mutations

You are immune to sickness and miasma.
Your stone body is resilient. (AC +9)
You are immune to poison.
You resist negative energy. (rN+)
You are resistant to electric shocks. (rElec)
You are resistant to unholy torment.
You are immune to petrification.


Message History

The eight-headed hydra is afflicted by dizzying energies!
The eight-headed hydra appears confused.
A blink frog comes into view.
Your scorpion stings the komodo dragon.
The komodo dragon is poisoned.
Your scorpion poisons the komodo dragon!
Your scorpion stings the komodo dragon but does no damage.
The komodo dragon bites your scorpion!
Your scorpion stings the komodo dragon.
The komodo dragon looks as sick as possible!
Your scorpion poisons the komodo dragon!
Your tarantella touches the eight-headed hydra.
Unknown command.
The eight-headed hydra seems less confused.
The blink frog barely misses you.
Your scorpion barely misses the eight-headed hydra.
The eight-headed hydra attacks as it pursues you!
The eight-headed hydra bites you! x2
* * * LOW HITPOINT WARNING * * *
The eight-headed hydra bites you.
* * * LOW HITPOINT WARNING * * *
The eight-headed hydra bites you.
* * * LOW HITPOINT WARNING * * *
The eight-headed hydra barely misses you.
The eight-headed hydra bites you but does no damage. x3
The blink frog blinks!
Unknown command.
Unknown command.
You blink.
The blink frog misses you.
Unknown command.
Unknown command.
You feel better.
The blink frog hits you but does no damage.
Unknown command.
Unknown command.
As you read the scroll of teleportation, it crumbles to dust.
You feel strangely unstable. The blink frog hits you!
* * * LOW HITPOINT WARNING * * *
Your tarantella barely misses the eight-headed hydra.
The blink frog hits you!
You die...

.......... ...........
...♣ .......... ....♣
.......... ....♣
.......#.# ....♣
#........# #...♣ #.#
#....#..F###...♣
..?..###....#..@.##...♣♣
..........# #..........♣
.......#..# #..D.#.....♣
.....###..###..s§#.....♣
#..# #P...#...s###..♣♣♣
## ##...#####s.....♣
#.##.##.#.....##l.#...♣
......).~.............♣
........~~~~........♣♣


You could see an eight-headed hydra (ally target), a komodo dragon (extremely
poisoned), a blink frog, a friendly tarantella (summoned) and 2 friendly
scorpions.

Vanquished Creatures
  5 hydras
  A two-headed ogre (D:9)
  A centaur warrior (D:9)
  4 death yaks
  A thrashing horror (Lair:5)
  2 skysharks
  A cyclops (D:9)
  A manticore (D:9)
  5 black mambas
  A merfolk siren (Lair:2)
  A torpor snail (Lair:4)
  9 cane toads
  A rime drake (Lair:4)
  6 komodo dragons
  A kobold demonologist (D:9)
  A troll (D:8)
  A hornet (Lair:3)
  8 polar bears
  14 blink frogs
  4 dream sheep (Lair:3)
  A wraith (D:9)
  33 yaks
  A ynoxinul (Lair:5)
  3 wyverns
  6 humans (D:6)
  4 basilisks
  3 vampire mosquitoes (D:9)
  2 chaos spawn (Lair:5)
  2 steam dragons
  2 small abominations (Lair:5)
  An acid dragon (D:8)
  10 water moccasins
  3 orc warriors
  8 black bears
  A laughing skull (D:9)
  A wolf (D:8)
  3 centaurs
  A phantom (D:6)
  3 kobold brigands (D:9)
  10 bullfrogs
  9 scorpions
  10 wights
  3 killer bees (D:9)
  2 howler monkeys (D:6)
  5 electric eels (D:8)
  3 hounds (D:8)
  A bombardier beetle (D:3)
  A gnoll bouda (D:5)
  9 jellies
  5 orc priests
  2 sleepcaps
  12 orc wizards
  2 iguanas
  10 gnolls
  9 adders
  A shadow imp (D:5)
  4 dart slugs
  3 ribbon worms
  51 orcs
  17 endoplasms
  3 giant cockroaches
  5 hobgoblins
  2 jackals (D:4)
  18 kobolds
  2 quokkas
  10 bats
  2 frilled lizards
  10 goblins
  6 rats
383 creatures vanquished.

Vanquished Creatures (collateral kills)
  A death yak (Lair:1)
  A yak (Lair:1)
  9 boulders
11 creatures vanquished.

Vanquished Creatures (others)
  17 boulders
17 creatures vanquished.

Grand Total: 411 creatures vanquished

Notes
Turn   | Place    | Note
-------+----------+-------------------------------------------
     0 | D:1      | ExZ the Gargoyle Earth Elementalist began the quest for the
                  | Orb.
     0 | D:1      | Reached XP level 1. HP: 10/10 MP: 3/3
   153 | D:1      | Reached XP level 2. HP: 15/15 MP: 0/5
   522 | D:1      | Reached XP level 3. HP: 19/19 MP: 2/6
   726 | D:2      | Found a shimmering blue altar of Sif Muna.
   776 | D:2      | Became a worshipper of Sif Muna the Loreminder
  1245 | D:2      | Reached XP level 4. HP: 24/24 MP: 2/8
  1318 | D:2      | Learned a level 3 spell: Stone Arrow
  1336 | D:2      | Found a stormy altar of Qazlal.
  1336 | D:2      | Found an opulent altar of Gozag.
  1336 | D:2      | Found a snail-covered altar of Cheibriados.
  1336 | D:2      | Found a glowing golden altar of the Shining One.
  1336 | D:2      | Found a blossoming altar of Fedhas.
  1336 | D:2      | Found a burning altar of Makhleb.
  1349 | D:2      | Reached * piety under Sif Muna
  1423 | D:2      | Reached XP level 5. HP: 28/28 MP: 7/10
  1985 | D:3      | Found Zolo Veo's Antique Armour Emporium.
  2114 | D:3      | Found Dyxuox's Assorted Antiques.
  2230 | D:3      | Found Kygiol's Antique Weapon Boutique.
  2557 | D:3      | Learned a level 4 spell: Brom's Barrelling Boulder
  2561 | D:3      | Reached XP level 6. HP: 32/32 MP: 10/12
  3020 | D:4      | Found a transporter.
  3151 | D:4      | Found a staircase to the Ecumenical Temple.
  3160 | D:4      | Found a transporter.
  3351 | D:2      | Reached ** piety under Sif Muna
  3543 | D:4      | Found a one-way gate to the infinite horrors of the Abyss.
  3543 | D:4      | Noticed Leissi's ghost (amateur HOMo)
  3577 | D:3      | Reached skill level 5 in Earth Magic
  3662 | D:4      | Found an ornate altar of the Wu Jian Council.
  3695 | D:4      | HP: 1/32 [orc/+0 morningstar (5)]
  4157 | D:4      | Identified the +1 leather armour of the Shrike {Stlth+}
  4193 | D:5      | Entered Level 5 of the Dungeon
  4208 | D:5      | Reached XP level 7. HP: 36/36 MP: 10/14
  4283 | D:5      | Reached skill level 5 in Spellcasting
  4417 | D:5      | Reached skill level 1 in Fighting
  4417 | D:5      | Reached skill level 1 in Armour
  4923 | D:5      | Found a white marble altar of Elyvilon.
  5003 | D:3      | Bought a slimy robe for 119 gold pieces
  5003 | D:3      | Identified the +1 robe of Divine Intervention {Fly rF- rN+
                  | Int+5} (You bought it in a shop on level 3 of the Dungeon)
  5228 | D:5      | Reached XP level 8. HP: 46/46 MP: 13/15
  5288 | D:5      | Learned a level 3 spell: Passwall
  5513 | D:6      | Reached *** piety under Sif Muna
  5904 | D:6      | Found a sacrificial altar of Ru.
  6055 | D:6      | Reached XP level 9. HP: 47/50 MP: 7/19
  8252 | D:8      | Found a blossoming altar of Fedhas.
  8436 | D:8      | Found a staircase to the Lair.
  8504 | D:8      | Reached skill level 5 in Conjurations
  8709 | D:8      | Reached **** piety under Sif Muna
  8876 | D:3      | Bought a pair of jewelled boots for 247 gold pieces
  8876 | D:3      | Identified the +1 pair of boots "Nielunn" {rN++} (You
                  | bought it in a shop on level 3 of the Dungeon)
  9011 | D:8      | Noticed a troll
  9036 | D:8      | Killed a troll
  9127 | D:8      | Found a sparkling altar of Nemelex Xobeh.
  9178 | D:8      | Reached skill level 5 in Fighting
  9178 | D:8      | Reached XP level 10. HP: 54/59 MP: 8/21
  9304 | D:8      | Reached skill level 1 in Evocations
 10431 | D:8      | Reached skill level 5 in Evocations
 11017 | D:9      | Noticed a kobold demonologist
 11022 | D:9      | Killed a kobold demonologist
 11181 | D:9      | Noticed a centaur warrior
 11207 | D:9      | Killed a centaur warrior
 11208 | D:9      | Reached XP level 11. HP: 44/63 MP: 11/24
 11277 | D:9      | Noticed a two-headed ogre
 11277 | D:9      | Noticed a manticore
 11278 | D:9      | Reached skill level 10 in Spellcasting
 11381 | D:9      | Found Feza's Weapon Shoppe.
 11501 | D:9      | Found a hazy altar of Hepliaklqana.
 11571 | D:9      | Noticed a cyclops
 11572 | D:9      | Killed a two-headed ogre
 11585 | D:9      | Reached skill level 5 in Armour
 11735 | D:9      | Killed a manticore
 11865 | D:9      | Killed a cyclops
 12309 | D:9      | Identified the ring "Oppoul" {+Blink rPois rC- Will+++
                  | Stlth-}
 12372 | D:9      | Noticed Harold
 12477 | Lair:1   | Entered Level 1 of the Lair of Beasts
 12560 | Lair:1   | Reached skill level 1 in Invocations
 13013 | Lair:1   | Noticed a minotaur
 13013 | Lair:1   | Noticed an oklob plant
 13041 | Lair:1   | Noticed paavali's ghost (journeyman DEEE)
 13085 | Lair:1   | Reached ***** piety under Sif Muna
 13224 | Lair:1   | Found a runed translucent gate.
 13224 | Lair:1   | Found a runed translucent gate.
 13224 | Lair:1   | Found a runed translucent gate.
 13249 | Lair:1   | Reached skill level 5 in Invocations
 13411 | Lair:1   | Reached skill level 10 in Earth Magic
 13840 | Lair:1   | Reached XP level 12. HP: 68/68 MP: 14/26
 13842 | Lair:1   | Reached skill level 5 in Dodging
 14747 | Lair:1   | Reached skill level 1 in Fire Magic
 14852 | Lair:2   | Noticed a seven-headed hydra
 14864 | Lair:2   | Killed a seven-headed hydra
 15240 | Lair:2   | Reached skill level 5 in Fire Magic
 15878 | Lair:2   | Identified the serpent talisman "Muqisob" {rN+ Int+3 SInv}
 16303 | Lair:2   | Learned a level 5 spell: Fireball
 16645 | Lair:2   | Found a staircase to the Shoals.
 17002 | Lair:3   | Noticed a death yak
 17002 | Lair:3   | Noticed a death yak
 17002 | Lair:3   | Noticed a death yak
 17002 | Lair:3   | Noticed a death yak
 17052 | Lair:1   | Killed a death yak
 17255 | Lair:3   | Noticed a five-headed hydra
 17263 | Lair:3   | Killed a five-headed hydra
 17263 | Lair:3   | Received a gift from Sif Muna
 17281 | Lair:3   | Reached XP level 13. HP: 76/76 MP: 15/27
 18436 | Lair:3   | Found a hole to the Spider Nest.
 19791 | Lair:4   | Found a staircase to the Slime Pits.
 20189 | Lair:4   | Found a runed translucent door.
 20515 | Lair:4   | Received a gift from Sif Muna
 20525 | Lair:4   | Got Sif Muna's Incunable of the Missiles and Attendants
                  | {god gift}
 20690 | Lair:5   | Entered Level 5 of the Lair of Beasts
 21545 | Lair:5   | Slain by a blink frog

Illustrated notes

Levels and vault maps discovered:
D:1:      amcnicky_arrival_choice, layout_rooms
D:2:      cheibrodos_fertilizer, layout_loops_ring, basic_altar
D:3:      layout_loops_ring, serial_shops, shop, shop,
          nicolae_shop_behind_doors, wad_orctagon
D:4:      layout_rooms, mainiacjoe_overflow_chevrons,
          minmay_temple_entry_statues_fountains, gammafunk_ghost_abyssal_escape
D:5:      layout_basic, elyvilon_altar_3
D:6:      layout_layer_cave, nicolae_ru_the_path_less_chosen, minmay_ruffians
D:7:      layout_basic
D:8:      layout_gridville, mainiacjoe_overflow_paths,
          nemelex_spade_bored_becter, erik_lair_island
D:9:      minmay_the_grid_triangle_9x9_rhombus_thin
          [minmay_the_grid_triangle_9x9_zippers_horizontal,
          minmay_the_grid_triangle_9x9_prize_schism,
          minmay_the_grid_triangle_9x9_negative_grid,
          minmay_the_grid_triangle_9x9_odd_lines], layout_stronghold,
          nicolae_hepliaklqana_hippocampus, serial_shops,
          nicolae_shop_bloodbath_and_beyond, kennysheep_generic_room_7,
          uniq_harold
Lair:1:   layout_regular_city, maelrawn_ghost_gauntlet_escape
Lair:2:   beast_lair_carwin_large_1, layout_small_grid,
          minmay_shoals_entry_lonely_mermaid
Lair:3:   cheibrodos_lair_river_kwai, layout_misc_corridors,
          nicolae_spider_entry_non_spiders, grunt_megastairs_5
Lair:4:   layout_misc_corridors, slime_entry_2, pf_torpor_hydra
Lair:5:   hellmonk_lair_end_abyssal_woods, layout_regular_city,
          lemuel_centaur_altar, grunt_megastairs_1

Skill      XL: |  1  2  3  4  5  6  7  8  9 10 11 12 13 |
---------------+----------------------------------------+-----
Conjurations   | 2 3 4 6 7 8 9 |  9.0
Spellcasting   | 3 4 5 6 7 9 10 11 | 11.3
Earth Magic    | 4 5 6 8 9 10 11 | 11.5
Fighting       | 3 5 7 |  7.0
Armour         | 3 7 8 |  8.1
Dodging        | 3 4 5 |  5.0
Evocations     | 5 6 7 |  7.0
Invocations    | 5 |  5.0
Fire Magic     | 6 7 |  7.7
Stealth        | |  2.1

Action                     |  1- 3 |  4- 6 |  7- 9 | 10-12 | 13-15 || total
---------------------------+-------+-------+-------+-------+-------++-------
  Melee: Short sword       |    21 |    26 |     9 |    31 |     1 ||    88
         Punch             |     1 |     1 |       |       |       ||     2
   Cast: Sandblast         |    43 |   129 |    78 |    53 |    35 ||   338
         Stone Arrow       |       |     5 |    59 |   267 |   154 ||   485
         Brom's Barrelling |       |       |    10 |    22 |     9 ||    41
         Passwall          |       |       |       |     3 |       ||     3
         Fireball          |       |       |       |       |     8 ||     8
 Invoke: Channel Magic     |       |       |       |       |     1 ||     1
Ability: Evoke Blink       |       |       |       |       |     2 ||     2
  Evoke: Wand              |       |       |     1 |    11 |     1 ||    13
         Sack of spiders   |       |       |       |     2 |     1 ||     3
         Phial of floods   |       |       |       |     1 |     2 ||     3
    Use: Scroll            |       |     6 |     4 |     5 |     3 ||    18
         Potion            |       |     5 |       |     2 |     2 ||     9
   Stab: Sleeping          |     1 |       |       |       |       ||     1
         Paralysed         |       |       |     5 |     1 |       ||     6
 Armour: Robe              |    16 |    80 |    60 |   196 |   112 ||   464
         Leather armour    |       |     1 |    13 |       |       ||    14
  Dodge: Dodged            |    12 |    67 |    43 |   143 |    58 ||   323
